Map: [ESL] Hardwire

Players

Dark

  • Race: Zerg Zerg

TIME (Oliveira) - Winner!

  • Race: Terran Terran

Event: IEM Katowice 2022

VOD

Have the link to the VOD?

Description

Time

  • Played on: Feb. 24, 2022, 12:03 p.m.
  • Length: 29:11

All games in this series

Show
View Real Time Build Order
Export as new Build Order

Dark Zerg 

Build Orders: Hatch First 

Get SALT Encoding   

  12  0:00  Drone  
  13  0:13  Overlord  
  13  0:17  Drone  
  14  0:31  Drone x2  
  16  0:48  Hatchery  
  15  0:51  Drone  
  15  0:55  Drone  
  17  0:59  Drone  
  18  1:09  Extractor  
  17  1:14  Spawning Pool  
  17  1:16  Drone  
  17  1:19  Drone  
  18  1:29  Drone  
  19  1:39  Drone  
  20  1:50  Drone  
  21  2:03  Queen x2  
  21  2:04  Zergling x4  
  27  2:12  Zergling x2  
  27  2:13  Overlord  
  28  2:21  Hatchery  
  27  2:27  Drone  
  28  2:32  Drone  
  28  2:33  Drone x2  
  31  2:39  Queen  
  33  2:46  Metabolic Boost  
  33  2:49  Overlord  
  33  2:53  Drone  
  33  2:56  Drone  
  33  2:57  Drone  
  36  3:08  Drone x2  
  36  3:11  Drone x2  
  36  3:12  Drone  
  41  3:15  Queen  
  41  3:18  Drone  
  44  3:31  Overlord  
  44  3:32  Queen  
  44  3:33  Overlord  
  46  3:35  Drone x2  
  46  3:38  Drone  
  49  3:41  Drone  
  50  3:50  Zergling x2  
  50  3:51  Drone x6  
  50  3:52  Queen  
  59  3:56  Zergling x2  
  59  3:59  Drone x2  
  62  4:07  Drone x2  
  62  4:08  Drone  
  65  4:14  Overlord  
  65  4:15  Drone  
  66  4:19  Overlord  
  66  4:21  Overlord  
  66  4:22  Overlord  
  66  4:27  Evolution Chamber x2  
  66  4:28  Extractor  
  66  4:29  Overlord  
  63  4:37  Queen  
  65  4:39  Queen  
  65  4:40  Zergling x12  
  65  4:43  Zergling x2  
  65  4:44  Zergling x6  
  77  4:48  Drone  
  77  4:50  Drone  
  78  4:53  Zerg Melee Weapons Level 1  
  78  4:56  Zergling x4  
  78  4:59  Zergling x6  
  83  5:01  Drone  
  83  5:06  Drone  
  83  5:07  Drone x2  
  85  5:08  Drone  
  85  5:13  Drone x2  
  82  5:20  Drone x2  
  80  5:26  Drone x2  
  81  5:31  Zerg Ground Armor Level 1  
  81  5:32  Drone x4  
  85  5:40  Drone  
  86  5:44  Drone x2  
  86  5:45  Drone  
  86  5:48  Lair  
  89  5:51  Baneling Nest  
  89  5:56  Drone  
  89  5:57  Hatchery, Drone  
  87  5:59  Drone  
  87  6:03  Extractor x2  
  83  6:06  Overlord  
  83  6:07  Drone x2  
  83  6:08  Drone, Overlord  
  83  6:09  Overlord  
  83  6:11  Overlord  
  82  6:15  Overlord  
  82  6:21  Hatchery  
  82  6:22  Drone  
  82  6:26  Zergling x10  
  82  6:31  Drone  
  88  6:33  Drone x4  
  88  6:36  Zergling x4  
  88  6:37  Zergling x2  
  88  6:38  Drone  
  96  6:40  Drone  
  96  6:44  Drone x2  
  96  6:45  Hatchery  
  98  6:49  Baneling x4  
  98  6:50  Baneling, Drone x2  
  98  6:51  Drone  
  98  6:54  Centrifugal Hooks  
  101  7:01  Zerg Melee Weapons Level 2  
  101  7:03  Zergling x8  
  101  7:06  Drone  
  106  7:08  Zergling x2  
  106  7:09  Zergling x6  
  106  7:14  Spore Crawler  
  109  7:21  Drone x3  
  109  7:22  Drone  
  108  7:25  Baneling  
  106  7:34  Overseer  
  106  7:35  Spore Crawler  
  106  7:36  Zergling x14  
  110  7:40  Baneling x6  
  110  7:44  Drone x3  
  112  7:46  Baneling x2  
  112  7:48  Drone x3  
  114  7:52  Zergling x8  
  114  7:56  Zergling x8  
  114  7:57  Baneling x2  
  122  8:04  Zergling x14  
  129  8:07  Baneling  
  129  8:08  Baneling x5  
  129  8:09  Zergling x4  
  128  8:15  Zergling x8  
  104  8:27  Zergling x10  
  104  8:28  Zergling x8  
  104  8:31  Drone x2  
  104  8:34  Drone x9  
  123  8:40  Baneling x3  
  124  8:44  Drone, Hydralisk Den  
  124  8:45  Zergling x12  
  124  8:47  Spore Crawler  
  129  8:50  Zergling x4  
  129  8:55  Zergling x10  
  135  8:57  Zergling x2  
  135  8:58  Baneling x2, Zergling x6  
  135  8:59  Baneling  
  139  9:08  Zerg Ground Armor Level 2  
  139  9:12  Hatchery  
  139  9:13  Overlord  
  138  9:17  Zerg Missile Weapons Level 1  
  138  9:22  Zergling x14  
  138  9:31  Zergling x30  
  132  9:33  Pneumatized Carapace  
  132  9:37  Zergling x8  
  132  9:40  Grooved Spines  
  132  9:41  Baneling x2  
  132  9:45  Drone  
  132  9:46  Drone x5  
  132  9:49  Hydralisk x3  
  132  9:51  Drone x2  
  132  9:52  Zergling x2  
  147  9:53  Baneling, Zergling x2  
  147  9:54  Baneling  
  147  9:58  Baneling x5  
  148  10:05  Baneling x2  
  148  10:06  Overlord  
  147  10:09  Infestation Pit, Overlord  
  147  10:13  Drone  
  147  10:14  Drone  
  148  10:16  Baneling x2  
  148  10:18  Overlord  
  148  10:21  Overlord x3  
  148  10:22  Overlord  
  148  10:23  Hydralisk x3  
  148  10:24  Hydralisk  
  148  10:27  Zergling x6  
  159  10:30  Zergling x8  
  159  10:32  Zergling x2  
  159  10:33  Zergling x4  
  159  10:35  Zergling x4  
  163  10:38  Spore Crawler  
  163  10:39  Baneling x4  
  163  10:42  Zergling x12  
  167  10:48  Zergling x16  
  175  10:51  Muscular Augments  
  175  10:52  Zergling x12  
  175  10:55  Baneling x3  
  181  11:03  Overseer, Zergling x6  
  181  11:04  Zergling x18  
  182  11:15  Zergling x18  
  182  11:16  Zergling x8  
  185  11:20  Hive, Zerg Missile Weapons Level 2  
  185  11:24  Zergling x10  
  180  11:29  Zergling x14  
  169  11:35  Zergling x6  
  169  11:36  Zergling x12  
  144  11:41  Baneling x7, Zergling x8  
  144  11:44  Zergling x2  
  144  11:45  Zergling x8  
  144  11:47  Baneling x4  
  151  11:50  Overseer  
  151  11:51  Zergling x8  
  151  11:52  Baneling x2  
  155  11:54  Zergling x4  
  155  11:55  Zergling x4  
  155  11:58  Baneling x2, Zergling x2  
  155  11:59  Zergling x8  
  155  12:00  Drone  
  165  12:03  Zergling x6  
  165  12:04  Zergling x4  
  170  12:13  Zergling x24  
  168  12:19  Zergling x14  
  168  12:20  Baneling  
  168  12:21  Baneling  
  175  12:23  Zergling x8  
  175  12:24  Baneling  
  175  12:25  Baneling  
  175  12:28  Drone  
  180  12:31  Zergling x8  
  180  12:34  Viper  
  180  12:37  Overlord  
  187  12:40  Zergling x10  
  182  12:53  Zergling x20  
  182  12:55  Zerg Melee Weapons Level 3  
  182  12:57  Zergling x6  
  191  13:04  Zergling x10  
  195  13:06  Hatchery  
  194  13:17  Zergling x12  
  200  13:21  Baneling x2  
  200  13:22  Hatchery  
  200  13:24  Baneling  
  200  13:25  Baneling  
  199  13:36  Zerg Ground Armor Level 3  
  199  13:37  Lurker Den  
  195  13:43  Zergling x8  
  195  13:45  Baneling x5  
  176  13:57  Zergling x10  
  176  13:58  Zergling x10  
  176  13:59  Zergling x20  
  170  14:03  Zergling x34  
  170  14:09  Adrenal Glands  
  174  14:10  Zergling x2  
  174  14:15  Zergling x14  
  172  14:21  Hydralisk x2  
  172  14:22  Zergling x24  
  181  14:27  Hatchery  
  181  14:29  Zergling x2  
  181  14:30  Zergling x20  
  188  14:36  Zergling x6  
  191  14:40  Adaptive Talons  
  191  14:45  Drone x4  
  193  14:46  Drone  
  193  14:47  Extractor  
  193  14:48  Extractor  
  193  14:50  Zergling x12  
  200  14:59  Nydus Network  
  199  15:00  Baneling  
  199  15:01  Baneling x4  
  199  15:07  Burrow  
  199  15:09  Drone  
  199  15:10  Spore Crawler  
  199  15:12  Drone  
  200  15:19  Hatchery, Extractor  
  200  15:20  Extractor  
  197  15:21  Drone x3  
  192  15:45  Hatchery, Drone x9  
  192  15:49  Zerg Missile Weapons Level 3  
  200  15:50  Baneling x7, Extractor x2  
  198  16:02  Overseer x2  
  197  16:05  Spore Crawler  
  197  16:06  Spore Crawler  
  197  16:07  Lurker x6  
  200  16:13  Extractor x2  
  200  16:15  Baneling x3  
  198  16:33  Drone  
  198  16:34  Drone  
  200  16:42  Seismic Spines  
  200  16:50  Hydralisk x4  
  199  16:56  Pathogen Glands  
  199  17:05  Drone  
  200  17:10  Hatchery  
  199  17:21  Baneling  
  199  17:23  Spore Crawler x2  
  199  17:24  Spore Crawler x2  
  199  17:29  Hydralisk x2  
  199  17:32  Lurker  
  199  17:33  Spore Crawler x2  
  199  17:35  Spore Crawler x2  
  196  17:38  Overseer  
  196  17:50  Lurker  
  196  17:51  Lurker x2  
  198  17:52  Hatchery, Neural Parasite  
  198  17:58  Hydralisk x11  
  168  18:08  Hydralisk  
  168  18:09  Hydralisk x23  
  168  18:11  Overseer  
  183  18:15  Drone x4  
  183  18:17  Drone x2, Overlord x2, Spore Crawler  
  183  18:18  Extractor  
  187  18:20  Extractor  
  186  18:29  Lurker x4  
  186  18:30  Overlord x3  
  190  18:38  Lurker x7  
  190  18:39  Lurker x2  
  190  18:40  Overseer  
  199  18:43  Hatchery  
  199  18:46  Overseer  
  198  18:51  Lurker x2  
  198  18:55  Overseer  
  200  19:01  Nydus Canal  
  200  19:28  Nydus Canal  
  182  19:49  Overlord  
  182  19:52  Zergling x50  
  186  19:53  Zergling x8  
  186  19:55  Lurker x2  
  186  19:56  Overseer, Lurker x2  
  186  19:59  Zergling x16  
  196  20:05  Zergling x8  
  198  20:14  Zergling x4  
  198  20:17  Zergling x2  
  194  20:25  Zergling x4  
  194  20:26  Zergling x14  
  194  20:27  Lurker x2  
  196  20:29  Lurker  
  196  20:30  Lurker x3  
  188  20:49  Hydralisk x3  
  179  20:50  Zergling x2  
  179  20:51  Zergling x6  
  179  20:55  Nydus Canal  
  179  20:56  Zergling x2  
  180  20:57  Overseer  
  180  20:59  Zergling x8  
  180  21:07  Zergling x2  
  180  21:08  Zergling x18  
  178  21:13  Hydralisk x3  
  178  21:14  Hatchery  
  178  21:15  Overseer  
  162  21:19  Hydralisk x3  
  162  21:21  Hydralisk x2  
  159  21:28  Hydralisk x6  
  159  21:31  Infestor  
  164  21:33  Infestor  
  164  21:39  Drone  
  166  21:40  Drone x3  
  168  21:49  Lurker  
  168  21:50  Lurker  
  168  21:52  Lurker x3  
  173  21:55  Lurker x2  
  173  22:00  Infestor x3  
  181  22:13  Infestor x4  
  181  22:14  Zergling x4  
  181  22:15  Zergling x2  
  191  22:23  Zergling x14  
  191  22:28  Baneling x7  
  191  22:29  Baneling x2  
  198  22:33  Overseer  
  198  22:34  Overseer x2  
  198  22:40  Zergling x2  
  199  22:48  Zergling x2  
  199  23:17  Zergling x6  
  181  23:32  Baneling x5  
  181  23:33  Hydralisk x10  
  190  23:37  Zergling x14  
  190  23:39  Nydus Canal  
  190  23:40  Zergling x20  
  200  23:47  Zergling x12  
  200  23:52  Baneling x12  
  200  23:55  Overseer x4  
  190  24:03  Infestor x5  
  200  24:12  Hatchery  
  200  24:13  Baneling x5  
  200  24:14  Baneling x5  
  198  24:20  Hatchery  
  193  24:33  Spire  
  193  24:36  Zergling x16  
  194  25:03  Zergling x4  
  194  25:04  Overseer, Zergling x4  
  194  25:05  Overseer x3  
  147  25:19  Zergling x34  
  147  25:20  Zergling x8  
  163  25:36  Zergling x6  
  166  25:44  Corruptor x8  
  166  25:47  Greater Spire  
  181  26:23  Nydus Canal  
  181  26:26  Corruptor x2  
  170  27:12  Overlord  
  170  27:19  Brood Lord x2  
  170  27:20  Brood Lord x7  
  170  27:21  Brood Lord  
  189  27:23  Baneling x3  
  189  27:24  Baneling x3  
  189  27:27  Viper x2  
  195  27:30  Overlord  
  195  27:46  Spore Crawler  
  195  27:47  Spore Crawler x3  
  195  27:48  Spore Crawler x3  
  195  27:49  Spore Crawler x3  
  195  27:51  Viper x2  
  185  27:54  Infestor x2  
  190  28:17  Queen  
  191  28:38  Hatchery  
  191  28:41  Corruptor x2  
Show
View Real Time Build Order
Export as new Build Order

TIME Terran - Winner!

Build Orders: Reaper Expand 

Get SALT Encoding   

  12  0:00  SCV  
  13  0:12  SCV  
  14  0:17  Supply Depot  
  14  0:27  SCV  
  15  0:39  SCV  
  15  0:41  Barracks  
  16  0:44  Refinery  
  16  0:51  SCV  
  17  1:03  SCV  
  18  1:15  SCV  
  19  1:28  Reaper, Orbital Command  
  20  1:40  Command Center  
  20  1:47  Supply Depot  
  20  1:54  SCV  
  20  2:00  Marine  
  22  2:06  SCV  
  23  2:11  Factory  
  23  2:18  SCV  
  23  2:21  Barracks Reactor  
  24  2:31  SCV  
  25  2:41  Command Center  
  25  2:43  SCV  
  26  2:52  Orbital Command  
  26  2:55  SCV  
  27  2:59  Starport  
  27  3:07  SCV  
  27  3:11  Hellion x2  
  32  3:13  Marine  
  32  3:18  Refinery  
  32  3:19  SCV  
  34  3:21  SCV  
  35  3:30  Marine  
  35  3:31  SCV  
  35  3:33  SCV  
  35  3:34  Hellion  
  40  3:35  Hellion  
  40  3:39  Viking  
  44  3:45  SCV  
  44  3:46  SCV  
  46  3:49  Barracks Tech Lab  
  46  3:53  Orbital Command  
  46  3:57  Widow Mine x2  
  46  3:58  SCV  
  46  3:59  SCV  
  52  4:03  Supply Depot  
  52  4:09  Medivac  
  54  4:10  SCV  
  54  4:12  Marine  
  54  4:13  SCV  
  57  4:18  Widow Mine x2  
  61  4:25  SCV  
  61  4:26  SCV  
  61  4:28  Supply Depot  
  61  4:30  SCV  
  64  4:32  Marine  
  64  4:35  Stimpack  
  64  4:37  SCV  
  66  4:43  SCV  
  66  4:44  Barracks, Starport Reactor  
  67  4:45  SCV  
  67  4:47  Barracks  
  67  4:49  SCV  
  69  4:52  Supply Depot  
  69  4:54  Marine  
  69  4:55  SCV  
  69  4:57  SCV  
  69  4:59  Factory Reactor  
  72  5:01  SCV, Engineering Bay  
  72  5:02  Engineering Bay  
  72  5:03  Refinery x2  
  72  5:09  SCV  
  72  5:12  Marine  
  71  5:17  SCV  
  71  5:20  Supply Depot  
  72  5:25  Supply Depot  
  72  5:27  SCV  
  67  5:30  Barracks  
  67  5:31  Barracks  
  67  5:32  Marine x2, Starport Reactor  
  67  5:33  Terran Infantry Weapons Level 1  
  67  5:34  SCV  
  71  5:36  Marine  
  71  5:37  Widow Mine x2, Orbital Command  
  71  5:39  SCV  
  71  5:42  Marine x2  
  76  5:46  SCV  
  76  5:49  Marine  
  79  5:50  Marine  
  79  5:51  SCV  
  79  5:54  Marine  
  81  5:58  SCV, Terran Infantry Armor Level 1  
  81  6:00  Marine x2  
  81  6:02  SCV  
  81  6:04  Supply Depot, SCV  
  86  6:07  Marine x2  
  86  6:08  Medivac  
  86  6:09  Medivac  
  86  6:10  Widow Mine x2, SCV  
  95  6:14  SCV  
  95  6:16  SCV  
  98  6:20  Barracks Reactor x2  
  98  6:21  Supply Depot, Marine  
  98  6:22  SCV, Combat Shield  
  98  6:25  Marine  
  99  6:26  SCV  
  99  6:27  Marine  
  99  6:28  SCV  
  103  6:33  Supply Depot, Refinery  
  103  6:34  Widow Mine  
  103  6:35  Widow Mine, SCV  
  103  6:38  Supply Depot  
  103  6:39  SCV  
  109  6:43  SCV, Marine  
  109  6:45  Armory  
  111  6:47  Factory  
  111  6:48  Marine  
  111  6:49  SCV  
  111  6:51  SCV  
  114  6:55  Supply Depot  
  114  6:58  Marine  
  114  7:00  Marine x5  
  118  7:02  Widow Mine x2  
  118  7:04  SCV  
  118  7:07  Command Center  
  123  7:10  Marine  
  124  7:15  Marine x2  
  124  7:16  Medivac  
  124  7:17  Medivac  
  130  7:26  Marine x2  
  130  7:27  Marine x2  
  130  7:29  Widow Mine x2  
  135  7:30  SCV x2  
  135  7:31  SCV  
  135  7:32  Marine  
  135  7:33  Supply Depot, Refinery  
  135  7:34  Supply Depot, Factory Tech Lab  
  135  7:36  Marine x2  
  137  7:39  Terran Infantry Weapons Level 2  
  137  7:42  Terran Vehicle Weapons Level 1  
  137  7:46  Marine x3  
  140  7:51  Marine  
  140  7:53  Drilling Claws  
  140  7:55  Widow Mine x2, Siege Tank  
  148  7:58  Supply Depot  
  148  7:59  Supply Depot, Marine  
  148  8:05  Marine  
  144  8:06  Marine  
  144  8:07  Marine  
  146  8:16  Medivac x2  
  146  8:18  Marine  
  121  8:27  Marine  
  121  8:29  Marine x3  
  121  8:30  Widow Mine x2, Siege Tank  
  121  8:32  SCV x2, Marine x2  
  136  8:34  SCV  
  136  8:38  Marine x3  
  136  8:39  Barracks  
  136  8:40  Barracks  
  136  8:41  Barracks  
  134  8:43  Terran Infantry Armor Level 2  
  134  8:46  Medivac x2  
  138  8:49  Marine x2  
  138  8:52  SCV  
  140  8:56  Marine x2  
  140  8:58  Widow Mine x2  
  140  8:59  SCV x2, Planetary Fortress  
  140  9:02  Marine  
  148  9:04  Marine  
  148  9:05  Marine  
  148  9:06  Sensor Tower  
  148  9:07  Marine  
  152  9:11  Siege Tank  
  152  9:14  Marine x2  
  155  9:21  Marine  
  155  9:22  Marine  
  153  9:29  Marine x2  
  153  9:30  Marine x2  
  127  9:31  Marine  
  127  9:33  Marine  
  127  9:34  Widow Mine x2  
  127  9:36  Medivac x2  
  129  9:39  Marine  
  129  9:40  Marine  
  129  9:41  SCV x2  
  129  9:43  Barracks Tech Lab x2  
  129  9:44  Barracks Tech Lab  
  132  9:46  Marine  
  132  9:47  Marine, Siege Tank  
  132  9:48  Command Center  
  132  9:49  Marine  
  132  9:52  Marine, Terran Vehicle Weapons Level 2  
  136  9:53  Marine  
  136  9:55  Marine x2  
  136  9:57  Marine  
  141  10:03  Marauder x2  
  145  10:09  Marine  
  145  10:10  Marine, Sensor Tower  
  145  10:11  Marine x2  
  145  10:12  Widow Mine x2  
  145  10:13  Medivac x2  
  156  10:17  Marine x3  
  156  10:18  Marine  
  160  10:25  Marine x2  
  160  10:26  Supply Depot  
  160  10:27  Terran Infantry Weapons Level 3  
  160  10:28  Supply Depot, Marine x2  
  162  10:33  Marine x3  
  162  10:34  Marauder  
  166  10:37  Siege Tank  
  169  10:43  Marine  
  169  10:44  Marauder  
  169  10:48  Refinery x2  
  169  10:49  Marine x2  
  174  10:50  Factory  
  174  10:55  Marauder x3  
  180  11:00  Marine  
  180  11:03  Marine x2  
  183  11:05  Widow Mine  
  183  11:06  Widow Mine  
  183  11:09  Marine x2  
  183  11:10  Marauder  
  186  11:17  Marine  
  181  11:19  Siege Tank  
  181  11:22  Terran Infantry Armor Level 3  
  184  11:27  Ghost Academy  
  184  11:29  Command Center  
  177  11:34  Marine  
  177  11:35  Marine x2, Marauder x2  
  177  11:37  Marine  
  177  11:38  Marine  
  177  11:39  Marine  
  145  11:40  Marine x2  
  145  11:41  Marauder  
  145  11:42  Factory Tech Lab  
  145  11:43  Widow Mine x2  
  145  11:46  Planetary Fortress  
  153  11:47  SCV  
  153  11:52  SCV  
  155  11:57  Siege Tank  
  155  11:59  Ghost  
  155  12:00  Ghost  
  162  12:02  Siege Tank  
  162  12:03  Ghost  
  162  12:07  Widow Mine x2  
  162  12:16  Ghost  
  162  12:19  SCV x3  
  162  12:20  Missile Turret  
  162  12:22  Refinery  
  167  12:23  Missile Turret  
  167  12:25  Sensor Tower  
  167  12:28  Ghost  
  169  12:31  Ghost  
  169  12:35  Marauder  
  169  12:36  Widow Mine x2  
  177  12:41  Refinery, Command Center  
  177  12:43  Sensor Tower  
  177  12:45  Concussive Shells  
  171  12:54  Siege Tank  
  171  12:57  Ghost  
  172  12:58  Siege Tank  
  172  12:59  Widow Mine  
  172  13:03  SCV  
  172  13:04  SCV  
  179  13:10  Hi-Sec Auto Tracking  
  179  13:16  Marine x3, Marauder  
  179  13:17  Marauder  
  186  13:20  Marine x2  
  186  13:22  Widow Mine x2  
  186  13:25  Terran Vehicle Weapons Level 3  
  192  13:53  Marine x2  
  192  13:54  Marauder  
  187  13:57  Ghost x3  
  187  13:59  Neosteel Armor, Siege Tank  
  187  14:00  Siege Tank  
  187  14:01  Widow Mine x2  
  181  14:14  Ghost  
  178  14:17  SCV x2  
  170  14:24  Widow Mine x2, Planetary Fortress  
  170  14:25  Ghost  
  170  14:28  Personal Cloaking  
  170  14:29  Command Center x2  
  172  14:32  Command Center  
  172  14:36  Siege Tank x2  
  172  14:37  Command Center  
  175  14:39  Orbital Command  
  175  14:40  Missile Turret x2  
  175  14:52  Widow Mine x2  
  179  14:59  Marauder x2  
  185  15:00  Marauder, Command Center  
  185  15:14  Siege Tank x2  
  191  15:16  Missile Turret  
  191  15:17  Missile Turret  
  191  15:19  Missile Turret  
  191  15:20  Missile Turret  
  191  15:32  Command Center  
  189  15:47  Siege Tank  
  192  15:53  Siege Tank  
  192  15:54  Missile Turret, Planetary Fortress  
  195  15:58  Orbital Command  
  195  15:59  Orbital Command  
  195  16:00  Orbital Command  
  195  16:08  Liberator  
  198  16:14  Planetary Fortress  
  198  16:17  Widow Mine  
  200  16:18  Missile Turret  
  200  16:19  Missile Turret  
  200  16:20  Refinery x2  
  200  16:22  Missile Turret, Sensor Tower  
  200  16:24  Command Center  
  200  16:26  Missile Turret  
  200  16:28  Missile Turret  
  200  16:38  Terran Vehicle And Ship Armor Level 1  
  200  16:41  Smart Servos  
  200  17:25  Missile Turret x2  
  200  17:26  Missile Turret x2  
  200  17:30  Command Center, Sensor Tower  
  200  17:52  Planetary Fortress  
  200  17:57  Siege Tank x2  
  198  17:58  Widow Mine x2  
  198  17:59  Infernal Pre-Igniter  
  187  18:06  Ghost x2  
  187  18:07  Ghost x2  
  187  18:11  Marine, Liberator  
  187  18:12  Marine x3  
  175  18:17  Enhanced Shockwaves  
  175  18:24  Marine x2  
  175  18:26  Widow Mine x2  
  181  18:28  Orbital Command  
  181  18:32  Siege Tank x2  
  186  18:35  Ghost x2  
  190  18:47  Liberator  
  195  18:48  Widow Mine  
  195  18:49  Widow Mine, Orbital Command  
  195  18:52  Refinery  
  195  18:53  Missile Turret x2, Refinery  
  195  18:55  Ghost  
  199  19:00  Starport  
  199  19:01  Fusion Core, Factory  
  199  19:03  Factory  
  199  19:36  Nuke  
  199  19:43  Siege Tank  
  190  19:55  Ghost x2  
  190  19:59  SCV  
  195  20:01  Liberator x2  
  195  20:05  Factory Tech Lab x2  
  172  20:25  Siege Tank  
  172  20:26  Ghost x4  
  180  20:31  Marine  
  180  20:34  Marine  
  182  20:39  Siege Tank x2  
  182  20:41  Marine x2  
  190  20:45  Widow Mine x2, Marine x2  
  190  20:47  Marine x2  
  185  20:51  Marine  
  185  20:55  Marine x2  
  183  20:59  Ghost, Siege Tank  
  183  21:01  Liberator x2  
  183  21:03  Marauder  
  183  21:15  Orbital Command  
  177  21:19  Marine  
  177  21:21  Marine x2  
  177  21:22  Marauder  
  177  21:23  Siege Tank x2  
  174  21:32  Marine x2  
  169  21:33  Marauder, Siege Tank  
  172  21:42  Marine  
  172  21:43  Marine, Marauder  
  172  21:44  Liberator x3  
  172  21:45  Siege Tank  
  172  21:46  Ghost  
  188  21:47  Marine x2  
  188  21:49  Orbital Command  
  188  21:50  SCV x2  
  188  21:51  SCV  
  195  21:55  Advanced Ballistics  
  195  21:59  Siege Tank  
  198  22:14  SCV x2, Missile Turret, Command Center  
  200  22:16  Missile Turret x2  
  200  22:37  Missile Turret  
  200  22:40  Missile Turret  
  200  22:42  Nuke  
  194  23:00  Liberator, Siege Tank  
  194  23:04  Terran Vehicle And Ship Armor Level 2  
  200  23:05  Missile Turret  
  166  23:38  Marine  
  166  23:39  Siege Tank, Marine, Marauder  
  163  23:45  Marine  
  163  23:46  Siege Tank  
  163  23:47  Widow Mine  
  163  23:51  Liberator x3  
  163  23:52  Siege Tank x2  
  163  23:53  Marauder x2  
  163  23:54  SCV, Marine x2  
  175  24:10  Widow Mine x2  
  179  24:17  Orbital Command  
  179  24:18  Missile Turret x2  
  179  24:19  Missile Turret x2  
  179  24:23  Siege Tank x2  
  185  24:31  Sensor Tower  
  185  24:42  Siege Tank  
  188  24:48  Missile Turret  
  188  24:50  Sensor Tower, Siege Tank  
  191  24:53  SCV  
  191  24:55  Missile Turret  
  164  25:16  Siege Tank  
  164  25:17  Siege Tank  
  164  25:18  Ghost x2  
  164  25:19  Liberator x2  
  164  25:20  Liberator  
  178  25:23  SCV  
  178  25:25  SCV x2, Orbital Command  
  181  25:33  Siege Tank  
  181  25:34  Siege Tank  
  191  25:36  Widow Mine x2, Ghost  
  191  25:38  Marine, Orbital Command  
  191  25:39  Marauder  
  196  25:46  SCV  
  197  25:51  SCV x2  
  197  25:57  Nuke  
  199  26:06  Planetary Fortress  
  199  26:07  Missile Turret  
  199  26:19  SCV  
  197  26:35  Thor  
  198  26:43  Orbital Command  
  198  26:45  SCV  
  195  26:57  Missile Turret  
  198  27:09  SCV x2  
  200  27:16  Refinery x2  
  200  27:25  Thor x2  
  200  27:44  Refinery  
  200  28:11  Missile Turret  
  200  28:13  Missile Turret  
  200  28:26  Command Center  
  200  28:27  Missile Turret  

Tags
 
Add a new tag
Caveats
  • Supply blocks, unpowered buildings, or Contaminate may cause inaccurate times.
  • Supply counts are checked every 10 seconds.